Map: 오토메이턴 - 래더

Players

JinairRogue (Rogue) - Winner!

  • Race: Zerg Zerg
  • League: Master
  • Spawn Location: 3:00

Classic

  • Race: Protoss Protoss
  • League: Master
  • Spawn Location: 9:00

Event: IEM Season 13 - Katowice Server Qualifiers Asia 1

VOD

Have the link to the VOD?

Description

Time

  • Played on: Jan. 14, 2019, 6:47 a.m.
  • Length: 8:00

All games in this series

Show
View Real Time Build Order
Export as new Build Order

JinairRogue Zerg - Winner!

Build Orders: Hatch First 

Get SALT Encoding   

  12  0:00  Drone  
  13  0:12  Overlord  
  13  0:18  Drone  
  14  0:31  Drone x2  
  16  0:50  Hatchery  
  16  0:52  Drone  
  16  0:55  Drone  
  17  0:59  Drone  
  18  1:10  Extractor  
  17  1:14  Spawning Pool  
  17  1:17  Drone  
  17  1:21  Drone  
  18  1:29  Drone  
  19  1:40  Drone  
  20  1:50  Hatchery  
  20  1:53  Drone  
  20  2:03  Queen  
  20  2:07  Drone  
  23  2:11  Drone  
  23  2:14  Drone  
  25  2:18  Drone  
  26  2:23  Metabolic Boost  
  26  2:28  Overlord  
  26  2:35  Zergling x4  
  28  2:46  Queen  
  28  2:47  Zergling x2  
  28  2:50  Queen  
  33  2:54  Drone x2  
  33  2:58  Drone  
  36  3:04  Queen  
  38  3:09  Overlord  
  38  3:11  Drone  
  39  3:15  Drone x2  
  39  3:18  Drone  
  42  3:21  Overlord  
  42  3:27  Drone x2  
  42  3:29  Drone  
  45  3:34  Overlord  
  45  3:36  Queen  
  45  3:40  Spore Crawler  
  46  3:42  Drone  
  46  3:43  Drone  
  46  3:44  Drone  
  49  3:51  Drone  
  49  3:55  Drone x5  
  55  3:59  Spore Crawler  
  54  4:06  Overlord  
  54  4:07  Drone x2  
  54  4:08  Drone x2  
  58  4:13  Overlord  
  58  4:19  Extractor x2  
  58  4:22  Drone x3  
  58  4:27  Drone x2  
  58  4:28  Drone  
  58  4:29  Drone x5  
  66  4:33  Overlord  
  66  4:36  Drone  
  67  4:42  Lair  
  67  4:44  Roach Warren  
  66  4:46  Zergling x8  
  66  4:51  Drone x3  
  73  4:54  Overlord  
  73  4:55  Drone  
  73  4:56  Drone  
  75  5:02  Overlord  
  75  5:04  Extractor  
  75  5:05  Extractor  
  75  5:06  Evolution Chamber  
  72  5:10  Drone  
  72  5:11  Drone  
  72  5:12  Overlord  
  74  5:16  Drone x4  
  74  5:17  Drone  
  74  5:19  Drone x2  
  74  5:20  Drone  
  81  5:21  Overlord  
  81  5:22  Overlord  
  81  5:23  Extractor  
  81  5:26  Drone x2  
  82  5:31  Zerg Missile Weapons Level 1  
  82  5:32  Drone  
  83  5:39  Drone  
  83  5:41  Glial Reconstitution  
  83  5:43  Hydralisk Den  
  83  5:44  Drone  
  83  5:46  Overseer  
  83  5:54  Drone x2  
  83  5:57  Hatchery  
  83  6:04  Overlord  
  83  6:09  Roach x9  
  83  6:10  Roach x2  
  105  6:16  Roach x2  
  108  6:25  Roach x6  
  120  6:27  Overlord  
  120  6:30  Ravager  
  120  6:31  Ravager  
  120  6:32  Overlord  
  122  6:33  Overlord x2  
  122  6:46  Ravager x8  
  130  6:47  Overlord  
  130  6:48  Overlord x2  
  130  6:53  Roach  
  130  6:54  Roach x4  
  136  7:00  Roach x2  
  130  7:04  Roach x2  
  126  7:13  Roach x4  
  126  7:15  Zergling x6  
  124  7:20  Roach x3  
  109  7:25  Roach  
  109  7:28  Roach  
  103  7:33  Roach x4  
Show
View Real Time Build Order
Export as new Build Order

Classic Protoss 

Build Orders: 1 Gate Expand, Oracle Opening, Phoenix Opening 

Get SALT Encoding   

  12  0:00  Probe  
  13  0:12  Probe  
  14  0:18  Pylon  
  14  0:24  Probe  
  15  0:33  Probe  
  15  0:41  Probe  
  15  0:42  Gateway  
  16  0:47  Assimilator  
  17  0:51  Probe  
  18  1:03  Probe  
  19  1:15  Probe  
  20  1:26  Nexus  
  20  1:30  Probe  
  21  1:40  Cybernetics Core  
  21  1:42  Probe  
  22  1:49  Assimilator  
  22  1:53  Pylon  
  22  1:57  Probe  
  23  2:07  Adept  
  23  2:11  Probe  
  24  2:19  Stargate  
  26  2:23  Probe  
  26  2:28  Warp Gate  
  27  2:32  Probe  
  27  2:33  Adept  
  27  2:34  Probe  
  30  2:41  Probe  
  30  2:42  Probe  
  31  2:50  Probe  
  33  2:52  Probe  
  33  2:57  Phoenix  
  35  3:02  Probe  
  35  3:04  Probe  
  39  3:09  Pylon  
  39  3:14  Probe  
  39  3:16  Probe  
  39  3:17  Oracle  
  41  3:26  Probe  
  45  3:28  Gateway, Probe  
  45  3:34  Assimilator  
  46  3:36  Assimilator  
  46  3:38  Probe  
  46  3:40  Probe  
  48  3:47  Robotics Facility  
  48  3:51  Probe  
  48  3:52  Probe  
  48  3:54  Pylon  
  52  3:55  Adept  
  52  4:03  Probe  
  52  4:04  Probe  
  54  4:15  Probe  
  54  4:16  Pylon  
  54  4:17  Probe  
  56  4:25  Nexus  
  56  4:29  Immortal  
  56  4:30  Sentry x2  
  60  4:36  Pylon  
  64  4:47  Gateway  
  64  4:50  Gateway  
  64  4:56  Sentry x2  
  64  4:57  Immortal  
  68  5:12  Gateway  
  68  5:13  Gateway  
  72  5:17  Gateway  
  72  5:21  Gateway  
  72  5:22  Sentry  
  72  5:25  Sentry  
  72  5:27  Warp Prism  
  76  5:31  Pylon  
  76  5:47  Sentry x3  
  82  5:52  Sentry  
  84  5:57  Pylon  
  84  5:59  Pylon  
  84  6:12  Pylon  
  84  6:18  Stalker x7  
  98  6:41  Stalker x5  
  98  6:42  Zealot  
  98  6:46  Stalker  
  106  7:13  Zealot x2, Stalker x2  
  106  7:14  Zealot x4  
  82  7:38  Sentry  
  82  7:39  Sentry x3, Zealot x4  

Tags
 
Add a new tag
Caveats
  • Supply blocks, unpowered buildings, or Contaminate may cause inaccurate times.
  • Supply counts are checked every 10 seconds.